 Dungeon Crawl Stone Soup version 0.31-a0-876-gfe8ebadbca (webtiles) character file.

Game seed: 14632878036643168964

63 Azuregosa the Covert (level 4, 0/31 HPs)
             Began as an Octopode Delver on Oct 13, 2023.
             Slain by an orc
             ... wielding a +0 trident
              (4 damage)
             ... on level 4 of the Dungeon.
             The game lasted 00:00:46 (47 turns).

Azuregosa the Covert (Octopode Delver)                Turns: 47, Time: 00:00:46

Health: 0/31       AC:  1    Str: 11    XL:     4   Next: 9%
Magic:  4/4        EV: 13    Int: 14    God:
Gold:   0          SH:  0    Dex: 13    Spells: 3/3 levels left

rFire   . . .        a - +0 hand axe
rCold   . . .        (no shield)
rNeg    . . .        (helmet restricted)
rPois   .            (no amulet)
rElec   .            (no ring)
rCorr   .            (no ring)
SInv    .            (no ring)
Will    .....        (no ring)
Stlth   +++++        (no ring)
HPRegen 0.25/turn    (no ring)
MPRegen 0.09/turn    (no ring)
                     (no ring)

%: no passive effects
@: no status effects
A: almost no armour, amphibious, 8 rings, camouflage 1, gelatinous body 1,
(nimble swimmer 1), tentacles
a: no special abilities


You were on level 4 of the Dungeon.
You visited 1 branch of the dungeon, and saw 2 of its levels.

Inventory:

Hand Weapons
 a - a +0 hand axe (weapon)
Wands
 f - a wand of digging (3)
Scrolls
 b - 2 scrolls of fog
 d - a scroll of fear
Potions
 e - a potion of haste


   Skills:
 - Level 3.0 Fighting
 - Level 2.0 Axes
 - Level 2.0 Dodging
 + Level 8.6 Stealth


You had 3 spell levels left.
You didn't know any spells.
Your spell library was empty.

Dungeon Overview and Level Annotations

Branches:
Dungeon (5/15)
 Temple: D:4-7

Altars:


Innate Abilities, Weirdness & Mutations

You cannot wear most types of armour.
You are amphibious.
You can wear up to eight rings at the same time.
Your skin changes colour to match your surroundings (Stealth+).
Your rubbery body absorbs attacks. (AC +1, EV +1)
((You are camouflaged when in or above water. (Stealth+)))
You have tentacles for arms and can constrict up to eight enemies at once.


Message History

Blork the orc seems to speed up.
You hear a shout!
You hit Blork the orc.
Blork the orc is heavily wounded.
You constrict Blork the orc.
You hear a bark!
Blork the orc hits you with a +0 war axe!
Blork the orc misses you.
An orc comes into view. It is wielding a +0 trident.
You barely miss Blork the orc.
Blork the orc is heavily wounded.
You constrict Blork the orc.
Blork the orc looks satisfied for a moment.
Blork the orc screams, "I'll decorate my home with your organs!"
Blork the orc misses you.
You hit Blork the orc.
Blork the orc is severely wounded.
You constrict Blork the orc.
A quokka comes into view.
Blork the orc miscasts a cantrip.
Blork the orc barely misses you.
You hit Blork the orc. You squeeze Blork the orc.
You kill Blork the orc!
Your Stealth skill gained 2 levels and is now at level 8!
You have reached level 2!
You have reached level 3!
Your experience leads to an increase in your attributes!
Increase (S)trength, (I)ntelligence, or (D)exterity?
You feel clever. x2
You have reached level 4!
You hit the orc but do no damage. You grab the orc.
You squeeze the orc, but do no damage.
You constrict the orc, but do no damage.
The orc hits you with a +0 trident!
You hit the orc but do no damage.
You constrict the orc, but do no damage.
The orc hits you with a +0 trident!
* * * LOW HITPOINT WARNING * * *
The orc hits you with a +0 trident.
You die...

#### #...
###########.##
#............#
#.#########..#
##### #.# #..#
#.o.###.###...
.... #@........#
##..
#...:.......#####
.. #...##.######
.. .$ #. .. ..
... ##.. ##.


You could see an orc.

Vanquished Creatures
  Blork the orc (D:4)
1 creature vanquished.

Notes
Turn   | Place    | Note
-------+----------+-------------------------------------------
     0 | D:5      | Azuregosa the Octopode Delver began the quest for the Orb.
     0 | D:5      | Reached XP level 1. HP: 16/16 MP: 1/1
    34 | D:4      | Noticed Blork the orc
    45 | D:4      | Killed Blork the orc
    46 | D:4      | Reached skill level 8 in Stealth
    46 | D:4      | Reached XP level 2. HP: 13/21 MP: 2/2
    46 | D:4      | Reached XP level 3. HP: 16/26 MP: 3/3
    46 | D:4      | Reached XP level 4. HP: 20/31 MP: 4/4
    47 | D:4      | Slain by an orc

Illustrated notes

Levels and vault maps discovered:
D:4:      gammafunk_wand_slinger, layout_loops_ring,
          nicolae_overflow_macrodata_refinement, minmay_manual_monolith,
          uniq_blork_the_orc, uniq_duvessa
D:5:      layout_basic, uniq_sigmund

Skill      XL: |  1 |
---------------+----+-----
Stealth        | 8 |  8.6
Fighting       | |  3.0
Axes           | |  2.0
Dodging        | |  2.0

Action                     |  1- 3 |  4- 6 || total
---------------------------+-------+-------++-------
  Melee: Hand axe          |     8 |     2 ||    10
         Tentacles         |     2 |     1 ||     3
         Constrict         |     1 |     1 ||     2
    Use: Scroll            |     1 |       ||     1
   Stab: Sleeping          |     1 |       ||     1
 Armour: Skin              |     1 |     3 ||     4
  Dodge: Dodged            |     5 |       ||     5

Table legend: (Time is in decaauts)
 A = Elapsed time spent in this place.
 B = Non-inter-level travel time spent in this place.
 C = Inter-level travel time spent in this place.
 D = Time resting spent in this place.
 E = Time spent auto-exploring this place.
 F = Levels seen in this place.
 G = Mean time per level.
                   A        B        C        D        E       F      G
               +--------+--------+--------+--------+--------+-----+--------+
         Total |     48 |     48 |      0 |      0 |      0 |   2 |   24.0 |
       Dungeon |     48 |     48 |      0 |      0 |      0 |   2 |   24.0 |
               +--------+--------+--------+--------+--------+-----+--------+

Top non-repeatable levels by time:
     D:4: 37 daAuts
     D:5: 11 daAuts
